 Dungeon Crawl Stone Soup version 0.26.0-45-g9c1d065592 (webtiles) character file.

Game seed: 520602878563385977

4715 kaeus the Zephyrmancer (level 10, -8/81 HPs)
             Began as a Gargoyle Air Elementalist on Jan 28, 2021.
             Was a Believer of the Shining One.
             Mangled by a cane toad (14 damage)
             ... on level 1 of the Lair of Beasts.
             The game lasted 00:25:19 (14029 turns).

kaeus the Zephyrmancer (Gargoyle Air Elementalist) Turns: 14029, Time: 00:25:20

Health: -8/81      AC: 25    Str: 12    XL:     10   Next: 45%
Magic:  15/19      EV:  2    Int: 19    God:    the Shining One [**....]
Gold:   363        SH:  5    Dex: 16    Spells: 13/21 levels left

rFire    . . .     SeeInvis +   C - +4 dagger (freeze)
rCold    . . .     Faith    .   b - +0 buckler
rNeg     + + +     Spirit   .   (armour currently unavailable)
rPois    ∞         Reflect  .   (helmet currently unavailable)
rElec    .         Harm     .   (cloak currently unavailable)
rCorr    .         Rampage  .   (gloves currently unavailable)
Will     .....     NoTele   +   (boots currently unavailable)
Stlth    +.........             c - amulet of regeneration
HPRegen  0.63/turn              l - ring of see invisible
MPRegen  0.16/turn              p - +6 ring of dexterity

@: tree-form, glowing
A: negative energy resistance 1, petrification resistance, miasma immunity, AC
+7
a: Renounce Religion, Divine Shield


You were on level 1 of the Lair of Beasts.
You worshipped the Shining One.
The Shining One was pleased with you.
You were a tree.
You visited 3 branches of the dungeon, and saw 10 of its levels.
You also visited: Ossuary.

You collected 597 gold pieces.
You spent 234 gold pieces at shops.

Inventory:

Hand Weapons
 C - a +4 dagger of freezing (weapon)
Armour
 a - a +1 leather armour of cold resistance
 b - a +0 buckler (worn)
 e - a +2 pair of gloves (melded)
 g - the +1 scale mail of Polam (melded) {rC+ Int+3 Stlth+}
   (You bought it in a shop on level 4 of the Dungeon)

   It affects your intelligence (+3).
   It protects you from cold.
   It makes you more stealthy.
 j - a +0 kite shield
 k - a +0 leather armour
 q - a +0 pair of boots (melded)
 v - a scarf of invisibility (melded)
 B - a +1 helmet (melded)
Jewellery
 c - an amulet of regeneration (around neck)
 l - a ring of see invisible (left branch)
 p - a +6 ring of dexterity (right branch)
Wands
 i - a wand of iceblast (11)
 m - a wand of acid (8)
 F - a wand of enslavement (6)
 G - a wand of paralysis (6)
 H - a wand of digging (5)
Scrolls
 d - 2 scrolls of remove curse
 n - a scroll of amnesia
 s - 4 scrolls of identify
 t - 2 scrolls of immolation
 u - 3 scrolls of fog
 w - 3 scrolls of blinking
 y - a scroll of magic mapping
 E - 5 scrolls of teleportation
Potions
 f - 3 potions of curing
 h - 4 potions of brilliance
 o - a potion of attraction
 r - 2 potions of ambrosia
 x - a potion of lignification
 z - a potion of cancellation
 A - a potion of resistance {unknown}


   Skills:
 + Level 2.4 Fighting
 + Level 1.9 Short Blades
 + Level 2.4 Armour
 + Level 2.5 Dodging
 - Level 2.1 Stealth
 - Level 4.0 Shields
 + Level 6.4 Spellcasting
 + Level 7.3 Conjurations
 + Level 2.0 Hexes
 + Level 8.1 Air Magic
 + Level 1.9 Evocations


You had 13 spell levels left.
You knew the following spells:

 Your Spells              Type           Power        Failure   Level
a - Shock                 Conj/Air       100%         1%          1
b - Airstrike             Air            18%          3%          4
c - Dazzling Flash        Conj/Hex       46%          4%          3

Your spell library contained the following spells:

 Spells                   Type           Power        Failure   Level
 Swiftness                Air            37%          1%          2
 Static Discharge         Conj/Air       35%          1%          3
 Corona                   Hex            14%          4%          1
 Stone Arrow              Conj/Erth      40%          7%          3
 Sandblast                Erth           12%          11%         1
 Ensorcelled Hibernation  Hex/Ice        18%          11%         2
 Lightning Bolt           Conj/Air       17%          12%         5
 Confusing Touch          Hex            13%          14%         3
 Tukima's Dance           Hex            13%          14%         3
 Passwall                 Tmut/Erth      5%           16%         2
 Petrify                  Tmut/Erth      6%           71%         4
 Lee's Rapid Deconstruct  Erth           3%           96%         5


Dungeon Overview and Level Annotations

Branches:
Dungeon (8/15)             Temple (1/1) D:5            Lair (1/6) D:8
Ossuary (visited)

Altars:
Ashenzari
Cheibriados
Dithmenos
Fedhas
Gozag
Hepliaklqana
Kikubaaqudgha
Makhleb
Nemelex Xobeh
Okawaru
Qazlal
Ru
Trog
Uskayaw
Vehumet
Wu Jian
Xom
Yredelemnul
Zin
The Shining One

Shops:
D:4 [*

Annotations:
D:3 1 runed translucent door, Crazy Yiuf


Innate Abilities, Weirdness & Mutations

You are resistant to torment.
((Your stone body is resilient. (AC +7)))
You are immune to poison.
You resist negative energy. (rN+)
((You are resistant to electric shocks. (rElec)))
((You can survive without breathing.))
You are immune to petrification.
You are immune to miasma.


Message History

The cane toad stings you!
* * * LOW HITPOINT WARNING * * *
You take 2 damage, and have 1/54 hp.
You turn into a tree.
Your scarf of invisibility melds into your body.
Your +1 helmet melds into your body.
Your +2 pair of gloves melds into your body.
Your +0 pair of boots melds into your body.
The +1 scale mail of Polam {rC+ Int+3 Stlth+} melds into your body.
Your roots penetrate the ground.
The cane toad stings you but does no damage. x2
You now have 3/81 hp.
You feel better.
The cane toad stings you but does no damage. x3
You regained 9 hp, and now have 12/81 hp.
You feel better. The cane toad stings you!
* * * LOW HITPOINT WARNING * * *
The cane toad stings you but does no damage.
The cane toad stings you!
You die...

..##
#...........# #..
..#
..>....$....#....
###
...........##...#
#
#..........#...#
#P............#
###..........##
#...#.....##
###.###FF## #
##♣.# ## #..##
.## ##.## ..###
#..P# ....##
##.### ##...####
#..# ##.....#
##.##
##....####..#
##.#.......###
#####


You could see 2 cane toads.

Vanquished Creatures
  A two-headed ogre (D:8)
  A cane toad (Lair:1)
  A komodo dragon (D:7)
  Eustachio (D:5)
  A yak (Lair:1)
  A water moccasin (Lair:1)
  A sky beast (D:8)
  A black bear (D:7)
  3 ice beasts
  A phantom (D:8)
  2 centaurs
  6 bullfrogs
  2 big kobolds
  9 scorpions
  A water moccasin skeleton (D:7)
  3 wights (D:7)
  2 electric eels (D:7)
  A centaur zombie (Ossuary)
  2 bullfrog zombies
  A human zombie (Ossuary)
  A jelly (D:7)
  4 hounds
  6 orc wizards
  A centaur skeleton (D:6)
  An iguana (D:4)
  4 worker ants
  6 big kobold zombies (Ossuary)
  A hound zombie (D:6)
  4 hound skeletons
  3 mummies (Ossuary)
  A howler monkey zombie (D:7)
  A worker ant zombie (D:5)
  7 gnolls
  10 adders
  4 scorpion zombies (Ossuary)
  A shadow imp (D:5)
  5 white imps
  2 ufetubi
  2 oozes
  2 worms
  3 dart slugs (D:1)
  3 leopard geckos
  27 orcs
  8 giant cockroaches
  3 gnoll zombies (Ossuary)
  9 goblins
  11 hobgoblins
  2 jackals (D:5)
  7 quokkas
  3 ball pythons
  3 bats
  5 frilled lizards
  3 goblin zombies (Ossuary)
  2 hobgoblin zombies (Ossuary)
  21 kobolds
  A leopard gecko skeleton (D:4)
  2 orc zombies (Ossuary)
  6 rats
226 creatures vanquished.

Vanquished Creatures (others)
  A wizard (D:3)
  A fungus (Lair:1)
  40 plants
42 creatures vanquished.

Grand Total: 268 creatures vanquished

Notes
Turn   | Place    | Note
-------+----------+-------------------------------------------
     0 | D:1      | kaeus the Gargoyle Air Elementalist began the quest for the
                  | Orb.
     0 | D:1      | Reached XP level 1. HP: 10/10 MP: 3/3
   151 | D:1      | Reached XP level 2. HP: 2/15 MP: 0/5
   756 | D:1      | Reached XP level 3. HP: 19/19 MP: 0/6
   760 | D:1      | Reached skill level 3 in Air Magic
  1647 | D:2      | Reached XP level 4. HP: 9/24 MP: 0/7
  3004 | D:3      | Learned a level 4 spell: Airstrike
  3132 | D:3      | Found a faded altar of an unknown god.
  3429 | D:3      | Found a runed translucent door.
  3430 | D:3      | Noticed Crazy Yiuf
  3474 | D:3      | Found a bloodstained altar of Trog.
  3475 | D:3      | Noticed a wizard
  3480 | D:3      | Killed a wizard
  3581 | D:4      | Found a sand-covered staircase.
  3588 | Ossuary  | Entered an ossuary
  3612 | Ossuary  | Reached XP level 5. HP: 13/28 MP: 2/9
  3907 | Ossuary  | Reached skill level 4 in Air Magic
  4025 | Ossuary  | Reached XP level 6. HP: 27/32 MP: 0/10
  4691 | Ossuary  | Reached XP level 7. HP: 36/36 MP: 2/12
  5488 | Ossuary  | Reached skill level 5 in Air Magic
  6763 | D:4      | Found Joeciw's Antique Armour Shop.
  6830 | D:4      | Bought a tiger eye-encrusted scale mail for 234 gold pieces
  6840 | D:4      | Identified the cursed +1 scale mail of Polam {rC+ Int+3
                  | Stlth+} (You bought it in a shop on level 4 of the Dungeon)
  7066 | D:4      | Reached XP level 8. HP: 41/41 MP: 3/14
  7391 | D:4      | Found Isaxew's General Store.
  7758 | D:5      | Entered Level 5 of the Dungeon
  8119 | D:5      | Reached skill level 5 in Conjurations
  8119 | D:5      | Reached skill level 6 in Air Magic
  8764 | D:5      | Reached skill level 5 in Spellcasting
  8948 | D:5      | Found a staircase to the Ecumenical Temple.
  9057 | Temple   | Entered the Ecumenical Temple
  9156 | Temple   | Became a worshipper of the Shining One
  9262 | D:5      | Noticed Eustachio
  9299 | D:5      | Reached skill level 1 in Shields
  9317 | D:6      | Found an iron altar of Okawaru.
  9725 | D:5      | Killed Eustachio
  9726 | D:5      | Reached skill level 7 in Air Magic
  9726 | D:5      | Reached XP level 9. HP: 45/45 MP: 2/17
 10931 | D:7      | Reached * piety under the Shining One
 11197 | D:7      | Found an ancient bone altar of Kikubaaqudgha.
 11992 | D:7      | Learned a level 3 spell: Dazzling Flash
 12098 | D:8      | Noticed a komodo dragon
 12377 | D:8      | Noticed a two-headed ogre
 12391 | D:8      | Killed a two-headed ogre
 12392 | D:8      | Reached skill level 1 in Fighting
 12392 | D:8      | Reached skill level 1 in Short Blades
 12392 | D:8      | Reached skill level 1 in Armour
 12392 | D:8      | Reached skill level 1 in Hexes
 12392 | D:8      | Reached skill level 1 in Evocations
 12392 | D:8      | Reached XP level 10. HP: 24/52 MP: 9/19
 12466 | D:8      | Found a hide-covered altar of Uskayaw.
 12481 | D:8      | Reached skill level 8 in Air Magic
 12656 | D:8      | Found a basalt altar of Yredelemnul.
 12941 | D:8      | Found a staircase to the Lair.
 13522 | Lair:1   | Entered Level 1 of the Lair of Beasts
 13604 | Lair:1   | Noticed a cane toad
 13632 | Lair:1   | Killed a cane toad
 13771 | Lair:1   | Noticed a cane toad
 13771 | Lair:1   | Reached ** piety under the Shining One
 13771 | Lair:1   | Noticed a cane toad
 13775 | Lair:1   | Noticed a cane toad
 14024 | Lair:1   | HP: 2/54 [cane toad (15)]
 14029 | Lair:1   | Mangled by a cane toad

Illustrated notes

Levels and vault maps discovered:
D:1:      dpeg_arrival_oval, layout_rooms, minmay_misc_feat_iff
D:2:      layout_loops_ring, amcnicky_mini_corridor_feature,
          hangedman_abyss_or_decor_lesser_grid
D:3:      layout_loops_ring, chequers_ecumenical_altar_island, trog_wizard,
          uniq_crazy_yiuf_cottage
D:4:      layout_loops_ring, nicolae_ossuary_entry_ruins, serial_shops, shop,
          shop, serial_park_tiny_1
D:5:      layout_gridville, minmay_temple_entry_overgrown, uniq_eustachio
D:6:      layout_gridville, basic_altar, roderic_roman_lattice
D:7:      layout_basic, lemuel_crystal_altar, serial_bayou_lagoon_a
D:8:      layout_loops_ring, lemuel_round_altar, nicolae_overflow_hidden_temple,
          david_lair_shrubbed
Temple:   minmay_crystal_spiral_temple
Lair:1:   layout_cave_pods, chequers_serial_rivers_micro_b, beast_lair_carwin_2,
          uniq_erica

Skill      XL: |  1  2  3  4  5  6  7  8  9 10 |
---------------+-------------------------------+-----
Air Magic      | 3 4 5 7 8 |  8.1
Conjurations   | 2 3 4 6 7 |  7.3
Spellcasting   | 3 4 5 6 |  6.4
Shields        | 1 4 |  4.0
Fighting       | 1 2 |  2.4
Short Blades   | 1 |  1.9
Armour         | 1 2 |  2.4
Dodging        | 2 |  2.5
Hexes          | 1 2 |  2.0
Evocations     | 1 |  1.9
Stealth        | |  2.1

Action                   |  1- 3 |  4- 6 |  7- 9 | 10-12 || total
-------------------------+-------+-------+-------+-------++-------
Melee: Club              |    10 |       |       |       ||    10
       Unarmed           |     7 |       |       |       ||     7
       Short sword       |    51 |    28 |       |       ||    79
       Dagger            |       |   132 |   224 |    93 ||   449
 Cast: Shock             |    67 |   117 |   395 |    39 ||   618
       Airstrike         |       |     1 |     2 |     5 ||     8
       Dazzling Flash    |       |       |       |     2 ||     2
  Use: Scroll            |       |     5 |    15 |     1 ||    21
       Potion            |       |    10 |     2 |     4 ||    16
Armor: Robe              |    10 |       |       |       ||    10
       Leather armour    |    14 |    99 |    21 |       ||   134
       Scale mail        |       |       |   211 |    42 ||   253
       Skin              |       |       |       |     6 ||     6
Dodge: Dodged            |    38 |   113 |   172 |    40 ||   363
Block: Buckler           |       |       |    31 |    18 ||    49
